[Event "Titled Tuesday Blitz May 17 Early 2022"]
[White "Deac, Bogdan-Daniel"]
[Black "Djordjevic, Vuk"]
[WhiteFideId "1226380"]
[BlackFideId "902098"]
[WhiteElo "2648"]
[BlackElo "2496"]
[Result "1-0"]
[Round "10"]
[TimeControl "180+1"]
[Date "2022.05.17"]
[WhiteClock "0:00:06"]
[BlackClock "0:00:01"]

1. d4 Nf6 2. c4 e6 3. Nf3 b6 4. g3 Ba6 5. b3 Bb4+ 6. Bd2 Be7 7. Nc3 d5 8. cxd5 exd5 9. Bg2 O-O 10. O-O Re8 11. Rc1 Bb7 12. Rc2 Nbd7 13. Bc1 Nf8 14. Bb2 Ne6 15. Ne5 a6 16. e3 Rc8 17. Bh3 Qd6 18. Ne2 Ne4 19. Nf4 Nxf4 20. Bxc8 Bxc8 21. exf4 f6 22. Nc6 Bf8 23. f3 Nc5 24. Na7 Nb7 25. Nxc8 Rxc8 26. Re1 c5 27. dxc5 bxc5 28. Qe2 Kf7 29. f5 Rd8 30. f4 Qd7 31. Qe6+ Qxe6 32. fxe6+ Ke7 33. f5 d4 34. b4 Rd5 35. bxc5 Nxc5 36. Rxc5 Rxc5 37. Ba3 Ke8 38. e7 Bxe7 39. Bxc5 1-0


[Site "https://www.chess.com"]

[Event "Titled Tuesday Blitz May 17 Early 2022"]
[White "Dubov, Daniil"]
[Black "Kamsky, Gata"]
[WhiteFideId "24126055"]
[BlackFideId "2000024"]
[WhiteElo "2791"]
[BlackElo "2645"]
[Result "0-1"]
[Round "10"]
[TimeControl "180+1"]
[Date "2022.05.17"]
[WhiteClock "0:00:32"]
[BlackClock "0:00:44"]

1. e4 c5 2. Nf3 e6 3. d4 cxd4 4. Nxd4 a6 5. Nc3 b5 6. Bd3 Qb6 7. Nf3 Qc7 8. O-O Bb7 9. Re1 Be7 10. e5 f5 11. Bf4 g6 12. a4 b4 13. Ne2 Bxf3 14. gxf3 Nc6 15. Qd2 Bc5 16. Rad1 Nge7 17. Bc4 Ra7 18. Qd3 g5 19. Kh1 gxf4 20. Nxf4 Nxe5 21. Qe2 Nxc4 22. Nxe6 dxe6 23. Qxe6 Bxf2 24. Re2 Be3 25. b3 Qc6 26. Qxc6+ Nxc6 27. bxc4 f4 0-1


[Site "https://www.chess.com"]

[Event "Titled Tuesday Blitz May 17 Early 2022"]
[White "Fiorito, Fabian"]
[Black "Aradhya, Garg"]
[WhiteFideId "100200"]
[BlackFideId "25006746"]
[WhiteElo "2395"]
[BlackElo "2169"]
[Result "1/2-1/2"]
[Round "10"]
[TimeControl "180+1"]
[Date "2022.05.17"]
[WhiteClock "0:00:06"]
[BlackClock "0:00:11"]

1. d4 d5 2. Nc3 Nf6 3. Bf4 c5 4. e4 Nxe4 5. Bb5+ Nc6 6. Nxe4 dxe4 7. Ne2 Bg4 8. Bxc6+ bxc6 9. dxc5 e5 10. Qxd8+ Rxd8 11. Bxe5 Bxc5 12. Bxg7 Rg8 13. Bf6 Rd6 14. Be5 Re6 15. Bg3 e3 16. f3 Bf5 17. c3 h5 18. O-O Reg6 19. Kh1 h4 20. Bxh4 Rxg2 21. Rad1 f6 22. Rfe1 Bc2 23. Rc1 Bh7 24. Nd4 Rxb2 25. Rxe3+ Kf7 26. Re2 Rgb8 27. Rce1 Rxe2 28. Rxe2 Rd8 29. Bf2 Bxd4 30. Bxd4 a6 31. Rb2 Rd5 32. Rb7+ Kg6 33. Rc7 Rd6 34. Kg2 Bg8 35. Kg3 Bxa2 36. Bc5 Re6 37. Kg4 Bd5 38. h4 Re5 39. Bf8 Be6+ 40. Kg3 Re3 41. Kf4 Rxc3 42. Rg7+ Kh5 43. Rh7+ Kg6 44. Rg7+ Kh5 45. Rh7+ Kg6 46. Rg7+ 1/2-1/2


[Site "https://www.chess.com"]

[Event "Titled Tuesday Blitz May 17 Early 2022"]
[White "Harsha Bharathakoti"]
[Black "Sokolovsky, Yahli"]
[WhiteFideId "5078776"]
[BlackFideId "2820242"]
[WhiteElo "2575"]
[BlackElo "1770"]
[Result "0-1"]
[Round "10"]
[TimeControl "180+1"]
[Date "2022.05.17"]
[WhiteClock "0:00:01"]
[BlackClock "0:00:12"]

1. Nf3 d6 2. d4 g6 3. e4 Bg7 4. Nc3 a6 5. Be2 b5 6. O-O Bb7 7. a4 b4 8. Nd5 a5 9. Re1 e6 10. Nf4 Ne7 11. Bb5+ Nd7 12. d5 exd5 13. exd5 O-O 14. Be3 Nf6 15. Bc4 h6 16. h4 Nf5 17. Qd3 Ng4 18. Bc1 Nxh4 19. Nd4 Ne5 20. Qb3 Qf6 21. Bf1 Ba6 22. Be3 Bxf1 23. Rxf1 Ng4 24. Rad1 Rae8 25. Bc1 Ne5 26. Qh3 Nc4 27. b3 Na3 28. Bb2 Qxf4 29. Bc1 Qf6 30. Nc6 Nxc2 31. Nxa5 Nd4 32. Rd3 Ne2+ 33. Kh1 Nf5 34. Bd2 Re4 0-1


[Site "https://www.chess.com"]

[Event "Titled Tuesday Blitz May 17 Early 2022"]
[White "Hnydiuk, Aleksander"]
[Black "Petrovskyi, Vadym"]
[WhiteFideId "1109057"]
[BlackFideId "14165210"]
[WhiteElo "2374"]
[BlackElo "2400"]
[Result "0-1"]
[Round "10"]
[TimeControl "180+1"]
[Date "2022.05.17"]
[WhiteClock "0:00:21"]
[BlackClock "0:02:32"]

1. e4 c5 2. Nf3 d6 3. d4 cxd4 4. Nxd4 Nf6 5. Nc3 a6 6. Be3 e6 7. Qd2 b5 8. a3 Bb7 9. f3 Nbd7 10. O-O-O Nb6 11. g4 Nfd7 12. f4 Rc8 13. Kb1 d5 14. e5 b4 15. axb4 Bxb4 16. Nde2 Nc4 17. Qd3 d4 18. Ne4 Nxe3 19. Qxd4 Nxc2 0-1


[Site "https://www.chess.com"]

[Event "Titled Tuesday Blitz May 17 Early 2022"]
[White "Izzat, Kanan"]
[Black "Abdusattorov, Nodirbek"]
[WhiteFideId "13405209"]
[BlackFideId "14204118"]
[WhiteElo "2362"]
[BlackElo "2663"]
[Result "0-1"]
[Round "10"]
[TimeControl "180+1"]
[Date "2022.05.17"]
[WhiteClock "0:00:03"]
[BlackClock "0:01:27"]

1. e4 c5 2. Nf3 g6 3. d4 cxd4 4. Nxd4 Bg7 5. c4 Nc6 6. Be3 Qb6 7. Nb5 Qa5+ 8. N1c3 Nf6 9. f3 O-O 10. Be2 a6 11. Nd4 Nxd4 12. Bxd4 d6 13. O-O Be6 14. b3 Rfc8 15. Rc1 Nd7 16. Bxg7 Kxg7 17. Kh1 b5 18. cxb5 axb5 19. Qd4+ Kg8 20. b4 Qa3 21. Bxb5 Ne5 22. Be2 Bc4 23. Nb5 Bxb5 24. Rxc8+ Rxc8 25. Bxb5 Qxa2 26. Qa1 Qd2 27. Rb1 Rc2 28. Bf1 Qe3 29. b5 Nxf3 30. Qa8+ Kg7 31. Qa1+ e5 32. Bd3 Qxd3 33. b6 Qd2 0-1


[Site "https://www.chess.com"]

[Event "Titled Tuesday Blitz May 17 Early 2022"]
[White "Janaszak, Dawid"]
[Black "Timofeev, Artyom"]
[WhiteFideId "1119206"]
[BlackFideId "4140419"]
[WhiteElo "2199"]
[BlackElo "2594"]
[Result "0-1"]
[Round "10"]
[TimeControl "180+1"]
[Date "2022.05.17"]
[WhiteClock "0:00:26"]
[BlackClock "0:01:42"]

1. e4 c6 2. d4 d5 3. exd5 cxd5 4. Bd3 Nc6 5. c3 Nf6 6. Bf4 Bg4 7. Qb3 Qc8 8. Nd2 e6 9. Ngf3 Be7 10. O-O O-O 11. Rae1 Bh5 12. Ne5 Nxe5 13. Bxe5 Bg6 14. Qc2 b5 15. Bxg6 hxg6 16. Qd3 b4 17. cxb4 Bxb4 18. Rc1 Qb7 19. Nf3 Rac8 20. Ng5 Ne4 21. Nxe4 dxe4 22. Qb3 Qb6 23. a3 Bd2 24. Qxb6 axb6 25. Rc7 Rxc7 26. Bxc7 e3 27. fxe3 Bxe3+ 28. Kh1 Bxd4 29. Rb1 Rc8 30. Bf4 e5 31. Bd2 Rc2 32. Bc1 Re2 33. h3 Re1+ 34. Kh2 Be3 35. Bxe3 Rxb1 36. Bxb6 Rxb2 37. Bc7 Ra2 38. Bxe5 Rxa3 39. Bd6 Rd3 40. Be5 f6 41. Bf4 g5 0-1


[Site "https://www.chess.com"]

[Event "Titled Tuesday Blitz May 17 Early 2022"]
[White "Jarovinsky, Alexey"]
[Black "Donchenko, Alexander"]
[WhiteFideId "14115131"]
[BlackFideId "24603295"]
[WhiteElo "2446"]
[BlackElo "2572"]
[Result "1-0"]
[Round "10"]
[TimeControl "180+1"]
[Date "2022.05.17"]
[WhiteClock "0:00:12"]
[BlackClock "0:01:32"]

1. Nc3 c5 2. e4 d6 3. Bb5+ Bd7 4. Bxd7+ Qxd7 5. d3 g6 6. Bd2 Bg7 7. Qc1 Nc6 8. h3 Rb8 9. Nf3 b5 10. O-O b4 11. Ne2 a5 12. Rb1 e5 13. Nh2 Nge7 14. Bh6 O-O 15. Bxg7 Kxg7 16. f4 f5 17. Nf3 fxe4 18. dxe4 exf4 19. Nxf4 Ne5 20. Nxe5 dxe5 21. Rd1 Qa7 22. Ne6+ Kg8 23. Nxf8 c4+ 24. Kh2 Rxf8 25. Rf1 Rf2 26. Qh6 Nc6 27. c3 Nd8 28. Qh4 Rxf1 29. Rxf1 Nf7 30. Qf6 Qb7 31. h4 Qc7 32. Rf3 Qd7 33. Rf2 Qe8 34. Rd2 Nh6 35. Qd8 Kf8 36. Qxe8+ Kxe8 37. Kg3 Nf7 38. Rd5 Ke7 39. Rxa5 bxc3 40. bxc3 Ke6 41. Kf3 Nd6 42. a4 Nb7 43. Rb5 Nd6 44. Rb4 Kd7 45. a5 Kc6 46. a6 Nc8 47. Rxc4+ Kd7 48. Ra4 Na7 49. Rb4 Kc6 50. Rb7 Nb5 51. Rxh7 Kb6 52. Rh6 Kxa6 53. Rxg6+ Kb7 54. h5 Nxc3 55. h6 Nb5 56. h7 Nd4+ 57. Kf2 Kc7 58. h8=Q Nc6 59. Qh7+ Kb6 60. Qh6 Kb5 61. Rxc6 Kb4 62. Rc8 Kb5 63. Qe6 Ka5 64. Qb3 Ka6 65. Ra8# 1-0


[Site "https://www.chess.com"]

[Event "Titled Tuesday Blitz May 17 Early 2022"]
[White "Keymer, Vincent"]
[Black "Barria Zuniga, Daniel"]
[WhiteFideId "12940690"]
[BlackFideId "3400816"]
[WhiteElo "2548"]
[BlackElo "2414"]
[Result "1-0"]
[Round "10"]
[TimeControl "180+1"]
[Date "2022.05.17"]
[WhiteClock "0:00:41"]
[BlackClock "0:00:03"]

1. Nf3 Nf6 2. c4 d6 3. d4 Bf5 4. g3 h6 5. Bg2 Bh7 6. O-O Nbd7 7. d5 a5 8. Nc3 Nc5 9. Be3 Na6 10. Re1 Ng4 11. Bd2 g5 12. h3 Nf6 13. e4 Bg7 14. h4 g4 15. e5 gxf3 16. exf6 Bxf6 17. Qxf3 Be5 18. Bxh6 Nc5 19. Rxe5 dxe5 20. Bg7 Rg8 21. Bxe5 Nd3 22. Bd4 c5 23. Be3 Qd6 24. Ne4 Bxe4 25. Qxe4 Ne5 26. Bf4 f6 27. Bh3 Kd8 28. Be6 Rg7 29. Re1 Kc7 30. Kg2 Rh8 31. Kh3 Kd8 32. Bxe5 fxe5 33. Qxe5 Qxe5 34. Rxe5 Kc7 35. f4 Kd6 36. a4 b6 37. b3 Rh6 38. h5 Rgh7 39. g4 Rg7 40. Kh4 Rgg6 41. g5 Rxe6 42. Rxe6+ Rxe6 43. dxe6 Kxe6 44. Kg4 1-0


[Site "https://www.chess.com"]

[Event "Titled Tuesday Blitz May 17 Early 2022"]
[White "Klekowski, Maciej"]
[Black "Sjugirov, Sanan"]
[WhiteFideId "1132717"]
[BlackFideId "4189302"]
[WhiteElo "2476"]
[BlackElo "2602"]
[Result "1-0"]
[Round "10"]
[TimeControl "180+1"]
[Date "2022.05.17"]
[WhiteClock "0:01:31"]
[BlackClock "0:01:37"]

1. c4 e5 2. g3 g6 3. Nc3 Bg7 4. Bg2 Nc6 5. d3 d6 6. h4 h6 7. Rb1 a5 8. e3 Be6 9. Nge2 Qd7 10. a3 Nge7 11. e4 O-O 12. Be3 Nd4 13. Qd2 Kh7 14. Bxd4 exd4 15. Nd5 Rae8 16. Qxa5 c6 17. Ndf4 c5 18. O-O Nc6 19. Qd2 h5 20. Nxe6 Rxe6 21. b4 Bh6 22. Qc2 Re7 23. bxc5 dxc5 24. f4 Ra8 25. Rb3 Qc7 26. Rfb1 Ra6 27. Kh2 b6 28. Qb2 f5 29. Rxb6 1-0


[Site "https://www.chess.com"]

[Event "Titled Tuesday Blitz May 17 Early 2022"]
[White "Kobo, Ori"]
[Black "Gallego Alcaraz, Andres Felipe"]
[WhiteFideId "2812320"]
[BlackFideId "4402669"]
[WhiteElo "2420"]
[BlackElo "2340"]
[Result "1-0"]
[Round "10"]
[TimeControl "180+1"]
[Date "2022.05.17"]
[WhiteClock "0:00:13"]
[BlackClock "0:00:04"]

1. d4 Nf6 2. c4 g6 3. Nc3 d5 4. cxd5 Nxd5 5. e4 Nxc3 6. bxc3 c5 7. Nf3 Bg7 8. Bb5+ Bd7 9. Be2 O-O 10. O-O cxd4 11. cxd4 Nc6 12. Rb1 b6 13. Bb2 Na5 14. d5 Bxb2 15. Rxb2 Bg4 16. Qd4 Bxf3 17. Bxf3 Rc8 18. e5 Rc4 19. Qe3 Qc7 20. Re2 Qc5 21. Qg5 f6 22. Qg3 Rd4 23. h4 Nc4 24. exf6 exf6 25. h5 g5 26. Rfe1 Qd6 27. Qxd6 Nxd6 28. Re6 Nc4 29. h6 Ne5 30. d6 Nxf3+ 31. gxf3 Rd8 32. Re7 R4xd6 33. Rg7+ Kh8 34. Ree7 Rd1+ 35. Kg2 g4 36. Rxh7+ Kg8 37. Reg7+ Kf8 38. Rh8# 1-0


[Site "https://www.chess.com"]

[Event "Titled Tuesday Blitz May 17 Early 2022"]
[White "Makarian, Rudik"]
[Black "Demchenko, Anton"]
[WhiteFideId "44105681"]
[BlackFideId "4160258"]
[WhiteElo "2419"]
[BlackElo "2539"]
[Result "0-1"]
[Round "10"]
[TimeControl "180+1"]
[Date "2022.05.17"]
[WhiteClock "0:00:06"]
[BlackClock "0:00:19"]

1. d3 Nf6 2. g3 e5 3. Bg2 g6 4. c4 Bg7 5. Nc3 O-O 6. Nf3 Re8 7. O-O c6 8. Bg5 d6 9. Nd2 Nbd7 10. b4 h6 11. Bxf6 Nxf6 12. b5 Qc7 13. a4 Be6 14. Qb3 Rad8 15. Rfc1 Qd7 16. a5 a6 17. bxc6 bxc6 18. Qb6 d5 19. cxd5 cxd5 20. Qxa6 e4 21. Nb5 Qe7 22. Nc7 e3 23. fxe3 Bc8 24. Qb6 Rd6 25. Qa7 Ng4 26. Rab1 Nxe3 27. Qc5 Nf5 28. Nf3 Red8 29. Rb6 Qxe2 30. Rxd6 Nxd6 31. a6 Bxa6 32. Nxa6 Nf5 33. Nb4 Ne3 34. Bh1 Bf8 35. Qd4 Nf5 36. Qc3 Bxb4 37. Re1 Qxe1+ 0-1


[Site "https://www.chess.com"]

[Event "Titled Tuesday Blitz May 17 Early 2022"]
[White "Morefield, Jason"]
[Black "Sirosh, Ilja"]
[WhiteFideId "30920825"]
[BlackFideId "4500458"]
[WhiteElo "2171"]
[BlackElo "2241"]
[Result "1/2-1/2"]
[Round "10"]
[TimeControl "180+1"]
[Date "2022.05.17"]
[WhiteClock "0:00:14"]
[BlackClock "0:00:20"]

1. d4 d5 2. c4 e6 3. Nc3 c5 4. cxd5 exd5 5. Nf3 Nf6 6. g3 Nc6 7. Bg2 cxd4 8. Nxd4 Bc5 9. Nb3 Bb6 10. Bg5 Bxf2+ 11. Kxf2 Ng4+ 12. Kg1 Qxg5 13. Nxd5 O-O 14. Qd2 Qxd2 15. Nxd2 Be6 16. h3 Nge5 17. Nc3 Rad8 18. Nde4 b6 19. Kf2 h6 20. Rhd1 f5 21. Nd6 Rd7 22. Rac1 Rfd8 23. Ncb5 a6 24. Bxc6 Nxc6 25. Rxc6 axb5 26. Rxb6 Bxa2 27. Rd3 Bc4 28. Nxc4 bxc4 29. Rc3 Rd2 30. Re3 R8d7 31. h4 h5 32. Kf3 Kf7 33. Re5 g6 34. Ree6 Re7 35. Rf6+ Ke8 36. Rxg6 Rexe2 37. Rge6+ Rxe6 38. Rxe6+ Kf7 39. Rb6 Rd4 40. Rb4 Kg7 41. Rb5 Kg6 42. Rc5 Rd2 43. Rxc4 Rxb2 44. Rc6+ Kg7 45. Kf4 Rb4+ 46. Kxf5 Rg4 47. Rc7+ Kh6 48. Rc3 Kg7 49. Re3 Kh6 50. Kf6 Kh7 51. Rf3 Kh6 52. Kf7 Rg7+ 53. Kf8 Rg4 54. Re3 Kg6 55. Ke7 Kg7 56. Ke6 Kg6 57. Ke5 Kg7 58. Rf3 Kg6 59. Rf8 Kg7 60. Rf3 Kg6 61. Kd5 Kg7 62. Kc5 Kg6 63. Kd5 Kg7 64. Kc6 Kg6 65. Kd7 Kg7 66. Ke6 Kg6 67. Rf6+ Kg7 68. Rf7+ Kg6 69. Rf8 Kg7 70. Rf5 Kg6 71. Rf3 Kg7 72. Kf5 Kh6 73. Re3 Kg7 74. Re7+ Kh6 75. Re6+ Kg7 76. Re3 Kh6 77. Ra3 Kg7 78. Ke5 Kg6 79. Ra6+ Kg7 80. Kf5 Rxg3 81. Ra7+ Kh6 82. Ra8 Kg7 83. Ra4 Rg4 84. Rxg4+ hxg4 85. Kxg4 Kg6 86. h5+ Kh6 87. Kh4 Kh7 88. Kg5 Kh8 89. h6 Kg8 90. Kh5 Kh8 91. Kg6 Kg8 92. h7+ Kh8 93. Kh6 1/2-1/2


[Site "https://www.chess.com"]

[Event "Titled Tuesday Blitz May 17 Early 2022"]
[White "Nakamura, Hikaru"]
[Black "Salem, A.R. Saleh"]
[WhiteFideId "2016192"]
[BlackFideId "9301348"]
[WhiteElo "2850"]
[BlackElo "2679"]
[Result "0-1"]
[Round "10"]
[TimeControl "180+1"]
[Date "2022.05.17"]
[WhiteClock "0:00:08"]
[BlackClock "0:00:09"]

1. Nf3 d5 2. e3 c5 3. b3 a6 4. Bb2 Nc6 5. d4 Nf6 6. dxc5 e6 7. c4 Bxc5 8. cxd5 exd5 9. Be2 O-O 10. O-O Qe7 11. Nc3 Rd8 12. Na4 Ba7 13. Qc1 d4 14. Ba3 Qe8 15. Bc5 Bxc5 16. Nxc5 b6 17. Nd3 Bf5 18. Rd1 Rac8 19. Qd2 Ne4 20. Qe1 Nc3 21. Rdc1 Nxe2+ 22. Qxe2 dxe3 23. Nf4 exf2+ 24. Qxf2 b5 25. Re1 Qd7 26. h3 h6 27. Rac1 Nb4 28. Ne5 Qb7 29. Nh5 Rxc1 30. Rxc1 Qe4 31. Nxf7 Nd3 32. Nxh6+ Kh7 33. Qg3 Qd4+ 34. Kh2 Kxh6 35. Rf1 g6 36. Nf4 Nxf4 37. Rxf4 Qd6 38. Qe3 Kh7 39. Kh1 Qd1+ 40. Kh2 Qd6 41. Kh1 Kg7 42. Qc3+ Kg8 43. Rf3 Re8 44. Qc1 Qe5 45. Rf1 b4 46. Qc6 a5 47. Rd1 Be4 48. Qd7 Re7 49. Qc8+ Kg7 50. Rd8 Kh7 51. Qc1 Qf5 52. Kh2 Qe5+ 53. Kg1 Qc7 54. Qd2 Qc5+ 55. Kh2 Qe5+ 56. Kh1 Bf5 57. Kg1 Qe1+ 58. Kh2 Qxd2 59. Rxd2 Rc7 60. Rd5 Ra7 61. g4 Be6 62. Re5 Bg8 63. Kg3 a4 64. Rb5 axb3 65. axb3 Ra3 66. h4 Rxb3+ 67. Kf4 Rb1 68. Kg5 Bf7 69. Kf6 Rf1+ 70. Kg5 b3 71. Rb7 Kg7 72. h5 gxh5 73. gxh5 Rg1+ 74. Kf4 Kh6 75. Ke3 Rf1 76. Ke2 Rf5 77. Ke3 Kxh5 78. Ke4 Bd5+ 0-1


[Site "https://www.chess.com"]

[Event "Titled Tuesday Blitz May 17 Early 2022"]
[White "Neiksans, Arturs"]
[Black "Shipov, Sergei"]
[WhiteFideId "11601388"]
[BlackFideId "4113624"]
[WhiteElo "2447"]
[BlackElo "2803"]
[Result "1-0"]
[Round "10"]
[TimeControl "180+1"]
[Date "2022.05.17"]
[WhiteClock "0:00:17"]
[BlackClock "0:00:10"]

1. e4 e6 2. d3 d5 3. Nd2 c5 4. Ngf3 Nc6 5. g3 Nf6 6. Bg2 g6 7. O-O Bg7 8. Re1 O-O 9. c3 a5 10. a4 b6 11. exd5 exd5 12. Nb3 Bf5 13. Bf4 Qd7 14. d4 c4 15. Nbd2 Ne4 16. Nxe4 Bxe4 17. b3 Rfe8 18. bxc4 dxc4 19. Ne5 Bxe5 20. Rxe4 Bxf4 21. Rxf4 Rab8 22. Qf3 Nd8 23. h4 b5 24. axb5 Rxb5 25. d5 Qc7 26. Rf6 Qe5 27. Ra4 Rxd5 28. Rxg6+ hxg6 29. Qxd5 Qxc3 30. Rxc4 Qe1+ 31. Bf1 Ne6 32. Ra4 Ng7 33. Qxa5 Qxa5 34. Rxa5 Nh5 35. Ra7 Nf6 36. Bc4 Rf8 37. Kg2 Kg7 38. Rc7 Ne4 39. f3 Nd6 40. Bd5 Rd8 41. g4 Kf6 42. f4 Kg7 43. g5 Kf8 44. Kf3 Ke8 45. Kg4 Kf8 46. h5 gxh5+ 47. Kxh5 Kg7 48. Kg4 Kg6 49. f5+ Kg7 50. f6+ Kg6 51. Rxf7 Rb8 52. Rg7# 1-0


[Site "https://www.chess.com"]

[Event "Titled Tuesday Blitz May 17 Early 2022"]
[White "Oganian, Miran"]
[Black "Xu, Yi"]
[WhiteFideId "4122488"]
[BlackFideId "8605564"]
[WhiteElo "2357"]
[BlackElo "2471"]
[Result "0-1"]
[Round "10"]
[TimeControl "180+1"]
[Date "2022.05.17"]
[WhiteClock "0:00:06"]
[BlackClock "0:00:03"]

1. e4 c5 2. Nf3 d6 3. Bb5+ Nd7 4. d4 cxd4 5. Qxd4 Nf6 6. c4 g6 7. Nc3 Bg7 8. Bxd7+ Bxd7 9. Bg5 O-O 10. O-O a6 11. Qd3 Rc8 12. Rac1 b5 13. b3 bxc4 14. bxc4 h6 15. Bh4 g5 16. Bg3 Nh5 17. Nd4 Nxg3 18. hxg3 e6 19. Nb3 Qc7 20. Ne2 Rfd8 21. Rfd1 Ba4 22. f4 Qb6+ 23. Kh1 g4 24. f5 Be5 25. Nf4 Bxf4 26. gxf4 exf5 27. Qg3 Re8 28. Rd5 Bxb3 29. axb3 Rxe4 30. Rxf5 Re6 31. Qxg4+ Rg6 32. Qf3 Re8 33. Qd5 Qa7 34. Kh2 Re2 35. Rg1 Ree6 36. Rh5 Ref6 37. Re1 Qf2 38. Re8+ Kh7 39. Qf3 Qxf3 40. gxf3 Rxf4 41. Rh3 Rd4 42. Rg3 Rd2+ 43. Kh3 Rd3 44. Rxg6 Kxg6 45. Kg4 Rxb3 46. Rd8 Kf6 47. Rxd6+ Ke5 48. Rxa6 f6 49. f4+ Ke4 50. c5 Rc3 51. c6 f5+ 52. Kh5 Kxf4 53. Kxh6 Kg4 54. Ra4+ f4 55. Kg6 Rxc6+ 56. Kf7 Kg3 57. Ra6 Rxa6 0-1


[Site "https://www.chess.com"]

[Event "Titled Tuesday Blitz May 17 Early 2022"]
[White "Piesik, Piotr"]
[Black "Visakh N R"]
[WhiteFideId "1136194"]
[BlackFideId "25012223"]
[WhiteElo "2190"]
[BlackElo "2448"]
[Result "1/2-1/2"]
[Round "10"]
[TimeControl "180+1"]
[Date "2022.05.17"]
[WhiteClock "0:00:07"]
[BlackClock "0:00:25"]

1. Nf3 d5 2. g3 Nd7 3. Bg2 e5 4. O-O Ngf6 5. d3 Bc5 6. c3 O-O 7. Qc2 a5 8. e4 dxe4 9. dxe4 b6 10. h3 Qe7 11. Bg5 h6 12. Bxf6 Nxf6 13. Nbd2 Rd8 14. Rfd1 Ba6 15. Nb3 Bd6 16. Bf1 Bb7 17. Nbd2 a4 18. b4 axb3 19. axb3 Qe6 20. Kg2 Qe8 21. Bd3 Nd7 22. b4 Nf8 23. Nc4 Ng6 24. Nxd6 Rxd6 25. Bc4 Rxa1 26. Rxa1 Kh7 27. Nd2 f5 28. Kg1 fxe4 29. Re1 Qc6 30. b5 Qc5 31. Bf1 Rf6 32. Re3 h5 33. Nxe4 Bxe4 34. Qxe4 h4 35. Kg2 hxg3 36. fxg3 Kh8 37. Bc4 Nf4+ 38. gxf4 Rxf4 39. Qa8+ Rf8 40. Qe4 Rf4 41. Qa8+ Rf8 42. Qe4 Rf4 1/2-1/2


[Site "https://www.chess.com"]

[Event "Titled Tuesday Blitz May 17 Early 2022"]
[White "Rostovtsev, Dmitry"]
[Black "Sargsyan, Anna M."]
[WhiteFideId "34278320"]
[BlackFideId "13308130"]
[WhiteElo "2274"]
[BlackElo "2271"]
[Result "0-1"]
[Round "10"]
[TimeControl "180+1"]
[Date "2022.05.17"]
[WhiteClock "0:00:03"]
[BlackClock "0:00:22"]

1. e4 e5 2. Nf3 Nc6 3. Bb5 a6 4. Ba4 Nf6 5. O-O Nxe4 6. d4 b5 7. Bb3 d5 8. dxe5 Be6 9. Nbd2 Be7 10. c3 O-O 11. Bc2 f5 12. exf6 Nxf6 13. h3 Bc5 14. Nb3 Bb6 15. Nbd4 Nxd4 16. Nxd4 Bf7 17. Bg5 c5 18. Nf5 Bg6 19. Re1 Kh8 20. Ne7 Bxc2 21. Qxc2 Qd6 22. Nf5 Qc6 23. Re7 Ra7 24. Bxf6 Qxf6 25. Rae1 h6 26. Rxa7 Bxa7 27. Ne7 Rd8 28. Ng6+ Kg8 29. Ne7+ Kh8 30. Qe2 c4 31. g3 Bc5 32. Kg2 Rd7 33. Nc8 Kh7 34. Qc2+ Qg6 35. Qxg6+ Kxg6 36. Re6+ Kh7 37. Rxa6 Rc7 38. Ra8 d4 39. cxd4 Bxd4 40. Rb8 Bxb2 41. Rxb5 Bf6 42. Nd6 c3 43. Ne4 c2 0-1


[Site "https://www.chess.com"]

[Event "Titled Tuesday Blitz May 17 Early 2022"]
[White "Rustemov, Alexander"]
[Black "Martic, Ivan"]
[WhiteFideId "4119002"]
[BlackFideId "929301"]
[WhiteElo "2787"]
[BlackElo "2317"]
[Result "1-0"]
[Round "10"]
[TimeControl "180+1"]
[Date "2022.05.17"]
[WhiteClock "0:00:35"]
[BlackClock "0:00:22"]

1. d4 d5 2. c4 c6 3. Nc3 Nf6 4. e3 a6 5. Qc2 e6 6. c5 Nbd7 7. Nf3 b6 8. cxb6 Qxb6 9. Bd3 Bd6 10. Bd2 O-O 11. O-O e5 12. Na4 Qc7 13. dxe5 Nxe5 14. Nxe5 Bxe5 15. h3 Be6 16. Rac1 Rfc8 17. b4 Qe7 18. Nb6 Bd6 19. Nxa8 Rxa8 20. Qxc6 Re8 21. a3 Bd7 22. Qxa6 Ne4 23. Bxe4 dxe4 24. Bc3 Bc8 25. Qc6 Bd7 26. Qd5 Bb8 27. Rfd1 Bc8 28. Qc6 Rf8 29. Bd4 Bf5 30. Bc5 Qg5 31. Bxf8 Bxh3 32. Qxe4 1-0


[Site "https://www.chess.com"]

[Event "Titled Tuesday Blitz May 17 Early 2022"]
[White "Sadhwani, Raunak"]
[Black "Ohanyan, Emin"]
[WhiteFideId "35093487"]
[BlackFideId "13312022"]
[WhiteElo "2616"]
[BlackElo "1927"]
[Result "1-0"]
[Round "10"]
[TimeControl "180+1"]
[Date "2022.05.17"]
[WhiteClock "0:00:08"]
[BlackClock "0:00:04"]

1. e4 e5 2. Nf3 Nc6 3. Bc4 Nf6 4. d3 Bc5 5. O-O O-O 6. c3 d5 7. exd5 Nxd5 8. h3 Nb6 9. Bb3 Bf5 10. Bc2 a5 11. Qe2 Re8 12. Nbd2 Nd5 13. Ne4 Bb6 14. Ba4 Bd7 15. Bb3 Bf5 16. Bg5 Qd7 17. Nh4 Be6 18. Ba4 f6 19. Bd2 Qf7 20. Qf3 Nce7 21. Bxe8 Rxe8 22. Rae1 h6 23. a3 g5 24. c4 Nf4 25. Bxf4 exf4 26. g4 gxh4 27. Qxf4 Bd4 28. Nd6 cxd6 29. Qxd4 Nc6 30. Qc3 Ne5 31. f4 Nc6 32. f5 Bd7 33. Rxe8+ Qxe8 34. Re1 Ne5 35. Kf2 Qb8 36. d4 Qa7 37. Kf1 Nf7 38. Re7 b5 39. c5 Qb7 40. d5 Qxd5 41. Rxd7 Qh1+ 42. Ke2 Qg2+ 43. Kd1 Qd5+ 44. Kc1 Qh1+ 45. Kc2 Qe4+ 46. Qd3 Qg2+ 47. Kb1 Ne5 48. Rd8+ Kf7 49. Qb3+ Nc4 50. Rxd6 a4 51. Qxb5 Nd2+ 52. Rxd2 Qxd2 53. Qxa4 Qe1+ 54. Ka2 Qf1 55. Qb3+ Ke7 56. c6 Kd6 57. Qe6+ Kc7 58. Qd7+ Kb6 59. Qb7+ Kc5 60. c7 Qc4+ 61. Qb3 1-0


[Site "https://www.chess.com"]

[Event "Titled Tuesday Blitz May 17 Early 2022"]
[White "Sarana, Alexey"]
[Black "Paravyan, David"]
[WhiteFideId "24133795"]
[BlackFideId "4194985"]
[WhiteElo "2666"]
[BlackElo "2569"]
[Result "1/2-1/2"]
[Round "10"]
[TimeControl "180+1"]
[Date "2022.05.17"]
[WhiteClock "0:00:46"]
[BlackClock "0:01:02"]

1. d4 Nf6 2. c4 g6 3. Nc3 d5 4. Nf3 Bg7 5. h4 O-O 6. cxd5 Nxd5 7. h5 c5 8. hxg6 hxg6 9. Bh6 Nxc3 10. bxc3 Bxh6 11. Rxh6 Kg7 12. Qd2 cxd4 13. cxd4 Nc6 14. d5 Qa5 15. Rh4 Rd8 16. Qxa5 Nxa5 17. Rd1 e6 18. d6 f6 19. Nd4 Bd7 20. e3 Rac8 21. Bb5 e5 22. Bxd7 Rxd7 23. Ne6+ Kg8 24. Nc7 Rcd8 25. Ne6 Rc8 26. Nc7 Rcd8 27. Ne6 Rc8 1/2-1/2


[Site "https://www.chess.com"]

[Event "Titled Tuesday Blitz May 17 Early 2022"]
[White "Seemann, Jakub"]
[Black "Costachi, Mihnea"]
[WhiteFideId "21874697"]
[BlackFideId "1217518"]
[WhiteElo "2003"]
[BlackElo "2476"]
[Result "1-0"]
[Round "10"]
[TimeControl "180+1"]
[Date "2022.05.17"]
[WhiteClock "0:01:09"]
[BlackClock "0:01:09"]

1. e4 e5 2. Nf3 Nc6 3. Bb5 a6 4. Ba4 d6 5. O-O Bd7 6. c3 g6 7. Re1 Bg7 8. d4 Nf6 9. Nbd2 O-O 10. Nf1 Re8 11. Ng3 b5 12. Bc2 exd4 13. cxd4 Bg4 14. Be3 Na5 15. b3 Rc8 16. h3 Bd7 17. Qd2 c5 18. dxc5 dxc5 19. Rad1 Be6 20. Qc1 Qc7 21. Bf4 Qb6 22. Bh6 c4 23. Bxg7 Kxg7 24. b4 Nc6 25. a3 a5 26. e5 Nd5 27. Qg5 h6 28. Nh5+ Kh7 29. Nf6+ Nxf6 30. Qxf6 axb4 31. Nh4 Ne7 32. Rd6 Rc6 33. Rxe6 Rxe6 34. Qxf7+ Kh8 35. Qxe8+ Ng8 36. Nxg6+ Rxg6 37. Bxg6 Qxg6 38. Qxg6 bxa3 39. e6 a2 40. e7 a1=Q 41. Rxa1 Nxe7 42. Ra8+ Ng8 43. Rxg8# 1-0


[Site "https://www.chess.com"]